 Dungeon Crawl Stone Soup version 0.26-a0-21-gf97e55dc39 (webtiles) character file.

Game seed: 6205444692049367605, levelgen mode: deterministic

112 vurker the Gusty (level 4, -3/25 HPs)
             Began as a Tengu Air Elementalist on May 26, 2020.
             Slain by a big kobold
             ... wielding a +0 club
              (7 damage)
             ... in a sewer.
             The game lasted 00:03:23 (2451 turns).

vurker the Gusty (Tengu Air Elementalist)           Turns: 2451, Time: 00:03:23

Health: -3/25      AC:  2    Str:  9    XL:     4   Next: 95%
Magic:  0/9        EV: 13    Int: 16    God:
Gold:   48         SH:  0    Dex: 20    Spells: 8/9 levels left

rFire    . . .     SeeInvis .   d - +0 dagger
rCold    . . .     Gourm    .   (no shield)
rNeg     . . .     Faith    .   a - +0 robe
rPois    .         Spirit   .   (helmet restricted)
rElec    .         Reflect  .   (no cloak)
rCorr    .         Harm     .   (no gloves)
MR       .....                  (boots unavailable)
Stlth    ++........             (no amulet)
HPRegen  0.08/turn              k - +6 ring of dexterity
MPRegen  0.11/turn              (no ring)

@: very slightly contaminated
A: beak, talons 3
a: no special abilities


You were in a sewer.
You were not hungry.

You visited 1 branch of the dungeon, and saw 3 of its levels.
You also visited: Sewer.

You collected 48 gold pieces.

Inventory:

Hand Weapons
 d - a +0 dagger (weapon)
   (You took it off a kobold on level 1 of the Dungeon)
Armour
 a - a +0 robe (worn)
Jewellery
 k - a +6 ring of dexterity (left hand)
   (You found it on level 2 of the Dungeon)
Scrolls
 b - 3 scrolls of identify {unknown}
 c - a scroll of enchant weapon {unknown}
 f - a scroll of remove curse {unknown}
 m - a scroll of teleportation {unknown}
Potions
 g - 2 potions of stabbing {unknown}
 h - a potion of haste {unknown}
 i - 2 potions of cancellation {unknown}
 j - a potion of heal wounds {unknown}
Comestibles
 e - 4 rations
 l - 5 chunks of flesh


   Skills:
 + Level 1.5 Fighting
 - Level 2.1 Dodging
 - Level 2.0 Stealth
 * Level 3.0 Spellcasting
 + Level 2.7 Conjurations
 * Level 5.2 Air Magic


You had 8 spell levels left.
You knew the following spells:

 Your Spells              Type           Power        Failure   Level  Hunger
a - Shock                 Conj/Air       ###.         3%          1    #......

Your spell library contained the following spells:

 Spells                   Type           Power        Failure   Level  Hunger
 Swiftness                Chrm/Air       ##......     10%         2    ##.....
 Static Discharge         Conj/Air       ###.....     11%         3    ###....
 Airstrike                Air            ###.......   22%         4    #####..
 Lightning Bolt           Conj/Air       ###.......   69%         5    ######.


Dungeon Overview and Level Annotations

Branches:
Dungeon (3/15)              Sewer (1/1)

Altars:

Annotations:
D:2 1 runed translucent door, Crazy Yiuf, Jessica


Innate Abilities, Weirdness & Mutations

You have a beak for a mouth.
You have claws for feet.


Message History

You can't see any susceptible monsters within range! (Use Z to cast anyway.)
A rat comes into view.
Aim: a rat (wandering, hasn't noticed you)
The zap hits the rat.
You kill the rat!
You can't see any susceptible monsters within range! (Use Z to cast anyway.)
You can't see any susceptible monsters within range! (Use Z to cast anyway.) Some of the chunks of flesh in your inventory have rotted away.
You butcher the rat corpse.
l - 5 chunks of flesh (gained 1)
You see here a rat skeleton. x2
You open the door. 2 kobolds and a big kobold come into view.
The kobold shouts!
The big kobold shouts!
The kobold shouts!
Found a grey potion and a scroll labeled ODEEWI EDGHUERGH.
There are monsters nearby!
Aim: a big kobold, wielding a +0 club The zap hits the big kobold.
The zap misses the kobold.
Aim: a big kobold, wielding a +0 club (lightly wounded)
The zap hits the big kobold but does no damage.
The zap hits the kobold.
You kill the kobold!
The big kobold hits you with a +0 club!
Aim: a big kobold, wielding a +0 club (lightly wounded)
The zap hits the big kobold.
The zap hits the kobold but does no damage.
The big kobold hits you with a +0 club.
Aim: a big kobold, wielding a +0 club (lightly wounded)
The zap hits the big kobold.
The zap hits the kobold.
Aim: a big kobold, wielding a +0 club (moderately wounded)
The zap misses the big kobold.
The zap hits the kobold.
You kill the kobold!
The big kobold closely misses you.
Aim: a big kobold, wielding a +0 club (moderately wounded)
The zap hits the big kobold.
The big kobold closely misses you.
Aim: a big kobold, wielding a +0 club (moderately wounded)
The zap hits the big kobold.
The big kobold hits you with a +0 club.
* * * LOW HITPOINT WARNING * * *
Aim: a big kobold, wielding a +0 club (heavily wounded)
The zap misses the big kobold.
The big kobold hits you with a +0 club.
* * * LOW HITPOINT WARNING * * *
Okay, then.
The big kobold hits you with a +0 club.
* * * LOW HITPOINT WARNING * * *
The zap misses the big kobold.
The big kobold hits you with a +0 club.
* * * LOW HITPOINT WARNING * * *
You miscast Shock.
You are very lightly contaminated with residual magic.
Nothing appears to happen.
The big kobold hits you with a +0 club!
You die...

.≈≈≈≈≈≈≈≈≈≈≈≈≈≈≈≈≈≈≈≈
≈≈≈≈≈≈≈≈≈≈≈≈≈≈≈≈≈≈≈≈≈
≈≈≈≈≈≈≈≈≈≈≈≈≈≈≈≈≈≈≈≈
≈≈≈≈≈≈≈≈≈≈≈≈≈≈≈≈≈≈≈
≈≈≈≈≈≈≈≈≈≈≈≈≈≈≈≈≈# ## ##
......≈≈.≈.≈≈≈≈≈≈#..#.?#
..........≈..≈...#.....#
.................K(...#
....##..........@#.....#
...#####...÷....## .#.!#
#...######...#### # #
###..∩# ##### #####


You could see a big kobold.

Vanquished Creatures
  4 gnolls
  2 adders (D:3)
  A worm (D:2)
  A dart slug (D:1)
  9 giant cockroaches
  3 goblins
  5 hobgoblins (D:1)
  2 jackals (D:1)
  4 bats (D:1)
  4 frilled lizards
  8 kobolds
  12 rats
55 creatures vanquished.

Notes
Turn   | Place    | Note
-------+----------+-------------------------------------------
     0 | D:1      | vurker the Tengu Air Elementalist began the quest for the
                  | Orb.
     0 | D:1      | Reached XP level 1. HP: 10/10 MP: 4/4
   172 | D:1      | Reached XP level 2. HP: 14/16 MP: 0/6
   673 | D:1      | Reached XP level 3. HP: 20/20 MP: 1/7
   739 | D:1      | Reached skill level 1 in Fighting
  1310 | D:2      | Reached XP level 4. HP: 25/25 MP: 0/9
  1342 | D:2      | Reached skill level 5 in Air Magic
  1883 | D:2      | Found a runed translucent door.
  1883 | D:2      | Noticed Jessica
  1884 | D:2      | Noticed Crazy Yiuf
  2304 | D:3      | Found a glowing drain.
  2386 | Sewer    | Entered a sewer
  2440 | Sewer    | Noticed a big kobold
  2451 | Sewer    | Slain by a big kobold

Illustrated notes

Levels and vault maps discovered:
D:1:      lightli_arrival_flooded_house, layout_basic
D:2:      layout_rooms, uniq_crazy_yiuf_cottage, uniq_jessica
D:3:      layout_loops_ring, lemuel_zombie_altar_yredelemnul, zin_academy,
          gup_sewer_entry_bubbles, kennysheep_generic_room_11, uniq_grinder
Sewer:    sewer_minmay_treatment

Skill      XL: |  1  2  3  4 |
---------------+-------------+-----
Fighting       | 1 |  1.5
Conjurations   | 2 |  2.7
Air Magic      | 5 |  5.2
Spellcasting   | 3 |  3.0
Dodging        | |  2.1
Stealth        | |  2.0

Action                   |  1- 3 |  4- 6 || total
-------------------------+-------+-------++-------
Melee: Unarmed           |     7 |       ||     7
       Peck              |     4 |       ||     4
       Dagger            |     2 |    10 ||    12
       Kick              |       |     2 ||     2
 Cast: Shock             |    72 |    49 ||   121
  Eat: Chunk             |     1 |     5 ||     6
Armor: Robe              |     6 |     2 ||     8
Dodge: Dodged            |    10 |    11 ||    21

Table legend:
 A = Non-vault XP
 B = Vault XP
 C = Vault XP percentage of total XP
 D = Non-vault monster count
 E = Vault monster count
 F = Vault count percentage of total count
                 A         B        C        D         E       F
            +---------+---------+-------+---------+---------+-------
      Total |     146 |      15 |   9.3 |      43 |      12 |  21.8
            +---------+---------+-------+---------+---------+-------
        D:1 |      61 |       0 |   0.0 |      30 |       0 |   0.0
        D:2 |      56 |       0 |   0.0 |       9 |       0 |   0.0
        D:3 |      29 |       9 |  23.7 |       4 |       6 |  60.0
      Sewer |       0 |       6 | 100.0 |       0 |       6 | 100.0
            +---------+---------+-------+---------+---------+-------
